Construct Infanterie Kompanie
Infanterie Officer Quarters
Construct Panzergrenadier Kompanie
Pak 40 Anti-tank Gun Team
Pak 40 Anti-tank Gun Team
Selects Mechanized Battlegroup
Selects StuG Assault Group
Selects UNKNOWN (2160084)
Panzergrenadier Officer Quarters
Construct Panzer Kompanie
Pak 40 Anti-tank Gun Team
Selects Wespe Self-propelled Artillery
Selects Zeroing Artillery Barrage
Zeroing Artillery Barrage